cohdb
Replays
Latest Replays
All Replays
Popular Replays
Top Player Replays
Match Explorer
How It Works
Community
CoH3 Stats
Reddit
Sign in to upload your games and track your stats! →
Sign in with Steam
Match 42260430
Unlisted
Match 42260430
Overview
Messages
Build Orders
End
Panzergrenadier Squad
Selects Panzerjäger Kommand Battlegroup
Selects Mine Fields
Panzergrenadier Squad
250 Light Carrier
Panzergrenadier Squad
Construct Light Support Kompanie
Fire Support Elements
Selects Defensive Positions
Flakvierling Half-track
2.5-tonne Medical Truck
Panzerjäger Mechanized Group
Veteran Squad Leaders
Selects Butterfly Bomb Drop
Vehicle Survival Package
Butterfly Bomb Drop
Construct Panzerarmee Kommand
Walking Stuka Rocket Launcher
Butterfly Bomb Drop
Pak 38 Mechanized Group
Armored Reserves
Selects Tank Busters
Selects Crew Shock Tactics
Selects Anti-tank Overwatch
DangerouslyDumb
Right Click God
Jonnies
A Quick Workaround
TwistedTootsy
THE one-冰封夕阳
TacticalVanguard
Lucuze
0
0
Comments
sign in to comment!
No comments posted yet!